 Dungeon Crawl Stone Soup version 0.27-a0-200-g8ba017916c (webtiles) character file.

Game seed: 14224475481888681614

12128 sanka the Nimble (level 11, -6/56 HPs)
             Began as a Spriggan Abyssal Knight on Jan 29, 2021.
             Was a High Priest of Lugonu.
             Hit by a large rock thrown by a cyclops (37 damage)
             ... while paralysed by an orc sorcerer
             ... on level 2 of the Orcish Mines.
             The game lasted 00:25:41 (15037 turns).

sanka the Nimble (Spriggan Abyssal Knight)         Turns: 15037, Time: 00:25:42

Health: -6/56      AC:  4    Str:  8    XL:     11   Next: 58%
Magic:  19/19      EV:  4    Int: 14    God:    Lugonu [*****.]
Gold:   772        SH:  0    Dex: 19    Spells: 10/10 levels left

rFire    . . .     SeeInvis +   a - +1 dagger (elec)
rCold    . . .     Faith    .   k - +0 buckler
rNeg     . . .     Spirit   .   L - +0 troll leather armour
rPois    .         Reflect  +   (helmet restricted)
rElec    .         Harm     .   (no cloak)
rCorr    +         Rampage  .   (gloves unavailable)
Will     +....                  (boots unavailable)
Stlth    +.........             M - amulet of reflection
HPRegen  0.58/turn              g - +4 ring of evasion
MPRegen  0.16/turn              u - ring of resist corrosion

@: paralysed, lethally poisoned (-6 -> -7), very quick
A: very small, unfitting armour, see invisible, speed 3
a: Renounce Religion, Depart the Abyss, Bend Space, Banish, Corrupt, Enter the
Abyss


You were on level 2 of the Orcish Mines.
You worshipped Lugonu.
Lugonu was extremely pleased with you.
You visited 2 branches of the dungeon, and saw 12 of its levels.
You visited the Abyss 1 time.

You collected 1168 gold pieces.
You spent 396 gold pieces at shops.


Innate Abilities, Weirdness & Mutations

You are very small and have problems with some larger weapons.
You are too small for most types of armour.
You have supernaturally acute eyesight. (SInv)
You cover ground extremely quickly.


   Skills:
 + Level 5.2 Fighting
 - Level 8.0 Short Blades
 + Level 13.6 Dodging
 - Level 7.2 Shields
 + Level 9.5 Invocations


You had 10 spell levels left.
You didn't know any spells.
Your spell library contained the following spells:

 Spells                   Type           Power        Failure   Level
 Freeze                   Ice            0%           38%         1
 Ensorcelled Hibernation  Hex/Ice        0%           54%         2
 Frozen Ramparts          Ice            0%           77%         3
 Ozocubu's Armour         Ice            0%           77%         3
 Hailstorm                Conj/Ice       0%           99%         4
 Summon Ice Beast         Ice/Summ       0%           99%         4

Inventory:

Hand Weapons
 a - a +1 dagger of electrocution (weapon)
 b - a +1 short sword of venom
 t - a +2 short sword of electrocution
Missiles
 e - 301 stones (quivered)
 r - 28 poisoned darts
Armour
 k - a +0 buckler (worn)
 L - a +0 troll leather armour (worn)
Jewellery
 g - a +4 ring of evasion (left hand)
 s - an uncursed amulet of magic regeneration
 u - a ring of resist corrosion (right hand)
 K - an uncursed ring of fire
 M - an amulet of reflection (around neck)
Wands
 q - a wand of digging (4)
 y - a wand of flame (4)
 H - a wand of iceblast (4)
Scrolls
 d - 6 scrolls of remove curse
 i - 6 scrolls of blinking
 o - 3 scrolls of enchant weapon
 p - 6 scrolls of teleportation {@r4}
 v - a scroll of fog
 w - 3 scrolls of enchant armour
 x - a scroll of random uselessness {unknown}
 C - a scroll of immolation {unknown}
 E - 2 scrolls of vulnerability {!r}
 F - 4 scrolls of identify {@r1}
 G - 2 scrolls of magic mapping
 I - a scroll of torment {unknown}
 J - a scroll of amnesia {unknown}
Potions
 c - 2 potions of ambrosia {unknown}
 f - a potion of magic {unknown}
 h - 4 potions of curing {@q1}
 j - 3 potions of degeneration {unknown}
 l - 3 potions of flight {unknown}
 m - a potion of attraction {unknown}
 n - 2 potions of lignification {unknown}
 z - 3 potions of mutation {unknown}
 A - 2 potions of heal wounds {unknown}
 B - a potion of might
 D - a potion of berserk rage {unknown}

Dungeon Overview and Level Annotations

Branches:
Dungeon (10/15)            Temple (0/1) D:5            Lair (0/6) D:10
    Orc (2/2) D:10
    Elf: Orc:2

Altars:
Elyvilon
Hepliaklqana
Kikubaaqudgha
Makhleb
Nemelex Xobeh
Okawaru
Qazlal
Sif Muna
Trog
Uskayaw
Vehumet
Wu Jian
Zin
The Shining One

Shops:
D:6 }   D:7 =[[   D:10 (??[ Orc:2

[ ...........▒▒.......
............▒.....▒ ..
.....▒.▒.........▒ ..o
....▒▒▒.^........▒ ▒▒...
....▒▒▒..........▒▒..o..
...................o....
..........▒.▒...........
▒▒.......▒▒▒▒▒.▒...o....
▒▒..▒....▒ ▒▒▒i......▒
▒▒▒▒▒.▒.▒ ▒.o....▒▒
▒..▒.▒ ........▒ ▒▒.▒▒▒
▒.......C. ▒▒▒
....▒..... ....▒▒.....
...▒▒ ..... .... ▒...


You could see a cyclops, an orc sorcerer, an orc warrior (wandering) and 3 orcs.


Message History

The orc sorcerer is moderately wounded.
You closely miss the orc sorcerer.
The orc sorcerer is moderately wounded.
You block the orc sorcerer's attack.
The cyclops throws a large rock.
The large rock completely misses you.
You hit the orc sorcerer but do no damage.
The orc sorcerer is moderately wounded.
You closely miss the orc sorcerer.
The orc sorcerer is moderately wounded.
The orc sorcerer howls an incantation.
The orc sorcerer glows brightly for a moment.
The orc sorcerer gestures at you while chanting.
You suddenly lose the ability to move!
An orc comes into view. It is wielding a +0 mace.
The orc shouts!
You hear a shout!
The cyclops throws a large rock.
The large rock hits you!!
The orc sorcerer hits you with a +2 dagger of venom.
You are poisoned.
An orc comes into view. It is wielding a +0 flail.
You feel sick.
The orc shouts!
You hear a shout!
The orc sorcerer barely misses you.
The cyclops throws a large rock.
The large rock hits you!!!
Ouch! That really hurt!
You die...

Action                   |  1- 3 |  4- 6 |  7- 9 | 10-12 || total
-------------------------+-------+-------+-------+-------++-------
Melee: Short sword       |   105 |   163 |    10 |    57 ||   335
       Dagger            |       |    45 |   539 |   634 ||  1218
Throw: Stone             |    16 |       |       |       ||    16
Invok: Banish            |       |       |     4 |     5 ||     9
Evoke: Wand              |       |       |     6 |     3 ||     9
  Use: Scroll            |       |       |    10 |     1 ||    11
       Potion            |       |       |     3 |       ||     3
 Stab: Sleeping          |       |     2 |     3 |     2 ||     7
Armor: Robe              |     7 |     7 |     6 |     4 ||    24
       Troll leather arm |       |       |       |    12 ||    12
Dodge: Dodged            |    98 |   146 |   421 |   362 ||  1027
Block: Buckler           |       |    28 |   145 |   234 ||   407
       Reflection        |       |       |       |     2 ||     2

Levels and vault maps discovered:
D:1:      grunt_arrival_crossed_arrows, layout_rooms, minmay_pentomino_r2
D:2:      layout_rooms, nzn_hepliaklqana_mist_gate, elyvilon_altar_1,
          kennysheep_generic_room_9, uniq_robin, uniq_natasha
D:3:      layout_basic, marbit_many_paths, general_overflow_altar,
          lemuel_coloured_pillars_altar, nicolae_tso_swordbearing_angel
D:4:      layout_loops_ring, makhleb_altar_promises_db, uniq_sigmund
D:5:      layout_basic, nzn_overflow_gifts_of_might_and_magic,
          okawaru_ov_weapons_minmay, minmay_temple_entry_mini_moons
D:6:      cheibrodos_barr_body, layout_layer_cave, serial_shops,
          kennysheep_little_box, serial_bayou_lagoon_a, item_on_display_b
D:7:      layout_cave_pools, kennysheep_mini,
          chequers_temple_overflow_statue_of_worship, serial_shops,
          shop_fountains, shop, shop_statue
D:8:      layout_loops_cross, kennysheep_mini_moat, overflow_temple_1_default,
          serial_bayou_ford_a, kennysheep_flooded_box
D:9:      layout_basic, kennysheep_windowed_goal
D:10:     layout_small_grid, david_lair_generic, orc_david_3, serial_shops,
          shop, shop, shop_scrolls, kennysheep_generic_room_8
Orc:1:    layout_diamond_mine, uniq_nergalle
Orc:2:    grunt_orc_tribal_feast, layout_diamond_mine, gauntlet_entry_generic,
          special_room, serial_shops, nicolae_shop_waterfront

Notes
Turn   | Place    | Note
-------+----------+-------------------------------------------
     0 | Abyss:1  | sanka the Spriggan Abyssal Knight began the quest for the
                  | Orb.
     0 | Abyss:1  | Reached XP level 1. HP: 11/11 MP: 3/3
    52 | D:1      | Escaped the Abyss
    89 | D:1      | Reached skill level 4 in Dodging
    99 | D:1      | Reached XP level 2. HP: 6/16 MP: 4/4
   364 | D:1      | Reached skill level 5 in Dodging
   844 | D:1      | Reached XP level 3. HP: 15/19 MP: 5/5
  1114 | D:2      | Reached ** piety under Lugonu
  1129 | D:2      | Found a white marble altar of Elyvilon.
  1225 | D:2      | Noticed Natasha
  1228 | D:2      | Killed Natasha
  1229 | D:2      | Reached skill level 6 in Dodging
  1264 | D:2      | Noticed Natasha
  1294 | D:2      | Reached XP level 4. HP: 19/23 MP: 6/6
  1352 | D:2      | Killed Natasha
  1353 | D:2      | Reached skill level 7 in Dodging
  1358 | D:2      | Noticed Natasha
  1384 | D:2      | Killed Natasha
  1459 | D:2      | Found a hazy altar of Hepliaklqana.
  1722 | D:2      | Identified the cursed +0 helmet "Ojupsim" {Int+4}
  1722 | D:2      | Noticed Robin
  1742 | D:2      | Killed Robin
  1743 | D:2      | Reached skill level 8 in Dodging
  1743 | D:2      | Reached XP level 5. HP: 25/27 MP: 7/7
  2283 | D:3      | Reached skill level 2 in Invocations
  2489 | D:2      | Reached *** piety under Lugonu
  2560 | D:3      | Found a glowing silver altar of Zin.
  2665 | D:3      | Found a glowing golden altar of the Shining One.
  2763 | D:3      | Found a sparkling altar of Nemelex Xobeh.
  2802 | D:3      | Reached XP level 6. HP: 32/32 MP: 8/8
  2807 | D:3      | Found a stormy altar of Qazlal.
  3417 | D:4      | Reached skill level 3 in Invocations
  3632 | D:4      | Reached skill level 4 in Invocations
  3999 | D:4      | Noticed Sigmund
  4003 | D:4      | Killed Sigmund
  4004 | D:4      | Reached skill level 5 in Invocations
  4004 | D:4      | Reached XP level 7. HP: 35/35 MP: 10/12
  4171 | D:4      | Found a burning altar of Makhleb.
  4171 | D:4      | Noticed a green death
  4174 | D:4      | Noticed a neqoxec
  4174 | D:4      | Noticed a smoke demon
  4310 | D:5      | Entered Level 5 of the Dungeon
  4419 | D:5      | Found a staircase to the Ecumenical Temple.
  4464 | D:5      | Found an iron altar of Okawaru.
  4505 | D:5      | Reached skill level 6 in Invocations
  5030 | D:5      | Found a bloodstained altar of Trog.
  5075 | D:5      | Reached skill level 7 in Invocations
  5286 | D:5      | Found a shimmering blue altar of Sif Muna.
  5292 | D:5      | Reached XP level 8. HP: 39/39 MP: 14/14
  5292 | D:5      | Identified Sif Muna's Grimoire of Enthralling Ice
  5509 | D:6      | Reached skill level 1 in Shields
  5594 | D:6      | Reached skill level 3 in Short Blades
  5778 | D:6      | Found Xihivop's Gadget Shoppe.
  5828 | D:6      | Reached skill level 3 in Fighting
  5847 | D:6      | Reached skill level 9 in Dodging
  6294 | D:5      | Reached skill level 2 in Shields
  6294 | D:5      | Reached skill level 8 in Invocations
  6360 | D:6      | Reached skill level 4 in Short Blades
  6646 | D:6      | Noticed a troll
  6658 | D:6      | Reached **** piety under Lugonu
  6671 | D:6      | HP: 1/40 [troll (8)]
  6676 | D:6      | Banished a troll
  6677 | D:6      | Reached skill level 10 in Dodging
  6677 | D:6      | Reached XP level 9. HP: 1/44 MP: 11/16
  7001 | D:6      | Reached skill level 5 in Short Blades
  7665 | D:6      | Reached skill level 3 in Shields
  7889 | D:7      | Found Witzease's Armour Emporium.
  7892 | D:7      | Found Lidol's Jewellery Boutique.
  8375 | D:7      | Bought a +4 ring of evasion for 396 gold pieces
  8392 | D:7      | Found an ornate altar of the Wu Jian Council.
  8481 | D:7      | Found Oddiyl's Armour Boutique.
  8550 | D:7      | HP: 1/44 [orc priest/divine providence (13)]
  8591 | D:7      | Reached skill level 6 in Short Blades
  8885 | D:7      | Reached skill level 11 in Dodging
  9248 | D:7      | Found a hide-covered altar of Uskayaw.
  9250 | D:7      | Found an ancient bone altar of Kikubaaqudgha.
  9289 | D:7      | Reached skill level 4 in Shields
  9778 | D:8      | Reached skill level 7 in Short Blades
 10064 | D:8      | Reached XP level 10. HP: 21/49 MP: 17/17
 10382 | D:8      | Found a radiant altar of Vehumet.
 10861 | D:8      | Found a glowing golden altar of the Shining One.
 10945 | D:8      | Reached skill level 12 in Dodging
 11512 | D:8      | Reached skill level 5 in Shields
 11727 | D:9      | Reached ***** piety under Lugonu
 11836 | D:9      | Reached skill level 8 in Short Blades
 12466 | D:9      | Reached skill level 6 in Shields
 12952 | D:10     | Entered Level 10 of the Dungeon
 12954 | D:10     | Found a staircase to the Lair.
 12954 | D:10     | Noticed an elephant
 12985 | D:9      | Killed an elephant
 13122 | D:10     | Reached skill level 7 in Shields
 13206 | D:10     | Found Kuxzew's Magic Scroll Boutique.
 13322 | D:10     | Found Sisur's Antique Armour Emporium.
 13334 | D:10     | Found Jitulara's Magic Scroll Boutique.
 13676 | D:10     | Found a staircase to the Orcish Mines.
 13676 | D:10     | Found Sijutos's Weapon Emporium.
 13965 | D:10     | Reached XP level 11. HP: 52/52 MP: 18/18
 14050 | Orc:1    | Entered Level 1 of the Orcish Mines
 14050 | Orc:1    | Noticed an orc warlord
 14050 | Orc:1    | Identified a +2 robe of resistance
 14050 | Orc:1    | Noticed an orc sorcerer
 14050 | Orc:1    | Noticed an ettin
 14094 | Orc:1    | Noticed a soul eater
 14108 | D:10     | HP: 4/53 [ettin/+0 dire flail (48)]
 14113 | D:10     | Banished an ettin
 14114 | D:10     | Reached skill level 4 in Fighting
 14293 | D:10     | Banished an orc sorcerer
 14355 | D:10     | Banished an orc warlord
 14356 | D:10     | Reached skill level 13 in Dodging
 14356 | D:10     | Reached skill level 9 in Invocations
 14539 | Orc:1    | Reached skill level 5 in Fighting
 14680 | Orc:2    | Entered Level 2 of the Orcish Mines
 14907 | Orc:2    | Found Aqovesou's Antique Armour Emporium.
 15026 | Orc:2    | Noticed an orc sorcerer
 15035 | Orc:2    | Paralysed by an orc sorcerer for 6 turns
 15037 | Orc:2    | Hit by a large rock thrown by a cyclops

Vanquished Creatures
  A cyclops (Orc:2)
  An elephant (D:9)
  3 trolls
  Sigmund (D:4)
  A wraith (D:9)
  4 yaks (D:10)
  A basilisk (D:10)
  2 wargs (D:10)
  An ice beast (D:10)
  9 orc warriors
  A black bear (D:10)
  4 phantoms
  2 sky beasts
  An eye of draining (D:10)
  2 necrophages
  4 ogres
  8 centaurs
  5 bullfrogs
  2 big kobolds
  A wyvern skeleton (D:9)
  A scorpion (D:9)
  20 killer bees
  13 wights
  4 electric eels
  2 bullfrog zombies
  7 hounds
  2 jellies
  11 orc priests
  2 bullfrog skeletons
  A centaur skeleton (D:7)
  A gnoll shaman (D:6)
  An iguana (D:3)
  Natasha (thrice) (D:2)
  6 orc wizards
  4 worker ants
  2 worker ant zombies
  Robin (D:2)
  10 gnolls
  15 adders
  2 shadow imps
  3 white imps
  5 ufetubi
  2 oozes
  3 adder skeletons
  4 worms
  2 leopard geckos
  50 orcs
  11 giant cockroaches
  11 goblins
  5 hobgoblins
  5 jackals
  15 kobolds
  7 quokkas
  6 bats
  4 frilled lizards
  7 rats
302 creatures vanquished.

Vanquished Creatures (others)
  2 kobolds (D:8)
  29 plants
31 creatures vanquished.

Grand Total: 333 creatures vanquished
